Map: Abyssal Reef LE

Players

Lillekanin - Winner!

  • Race: Terran Terran
  • Spawn Location: 5:00

SolO

  • Race: Zerg Zerg
  • Spawn Location: 11:00

Event: WCS Jonkoping 2017

VOD

Have the link to the VOD?

Description

Time

  • Played on: June 17, 2017, 11:16 a.m.
  • Length: 29:18

All games in this series

Show
View Real Time Build Order
Export as new Build Order

Lillekanin Terran - Winner!

Build Orders: Reaper Expand, Mech 

Get SALT Encoding   

  12  0:00  SCV  
  13  0:13  SCV  
  14  0:17  Supply Depot  
  14  0:25  SCV  
  15  0:29  Refinery  
  15  0:39  SCV  
  16  0:45  Barracks  
  16  0:51  SCV  
  17  1:03  SCV  
  18  1:15  SCV  
  19  1:32  Orbital Command, Reaper  
  20  1:46  Command Center  
  20  1:53  Bunker  
  20  1:59  SCV  
  21  2:10  Barracks Reactor, Factory  
  21  2:14  SCV  
  22  2:16  Refinery  
  22  2:25  Supply Depot  
  22  2:26  SCV  
  23  2:46  SCV  
  24  2:56  Starport  
  24  2:58  SCV  
  24  2:59  Orbital Command  
  24  3:04  Hellion x2, Marine  
  30  3:15  SCV  
  31  3:25  Hellion x2  
  35  3:27  SCV  
  35  3:29  Barracks Tech Lab  
  35  3:30  SCV  
  37  3:35  Medivac  
  37  3:39  SCV  
  40  3:43  SCV  
  40  3:47  Supply Depot  
  41  3:51  SCV  
  41  3:55  SCV  
  43  3:57  Supply Depot  
  43  4:03  SCV  
  43  4:07  SCV  
  45  4:14  Cloaking Field, Banshee  
  45  4:15  SCV  
  49  4:19  SCV  
  50  4:29  Command Center  
  50  4:30  SCV  
  51  4:33  SCV, Supply Depot  
  52  4:42  SCV  
  53  4:49  Factory  
  53  4:51  Factory  
  53  4:57  Banshee  
  56  5:05  Hellion x2  
  56  5:06  SCV  
  59  5:11  SCV  
  59  5:13  Refinery  
  59  5:14  Refinery  
  60  5:15  Armory  
  60  5:16  Armory  
  60  5:18  SCV  
  61  5:23  SCV  
  62  5:30  SCV  
  62  5:32  Supply Depot x2  
  62  5:35  SCV  
  64  5:39  Factory Tech Lab x2  
  64  5:42  SCV  
  62  5:47  SCV  
  61  5:51  Banshee  
  61  5:54  SCV  
  61  5:59  Siege Tank, SCV  
  61  6:03  Siege Tank  
  61  6:04  Hellion x2  
  72  6:07  SCV  
  72  6:09  Supply Depot  
  72  6:10  Supply Depot  
  73  6:11  SCV  
  74  6:19  SCV  
  74  6:23  SCV  
  74  6:24  Terran Vehicle And Ship Armor Level 1, Terran Vehicle Weapons Level 1  
  76  6:29  Engineering Bay  
  76  6:30  Orbital Command  
  76  6:31  SCV  
  77  6:35  Banshee  
  80  6:41  SCV  
  80  6:43  SCV  
  82  6:51  Hellion x2  
  82  6:53  SCV  
  84  6:55  SCV  
  84  6:56  SCV  
  84  6:58  Factory, Refinery x2  
  84  6:59  Factory  
  86  7:05  Hellion  
  86  7:07  Missile Turret  
  88  7:09  Thor  
  88  7:11  SCV  
  88  7:13  Hellion  
  97  7:17  Hellion  
  99  7:26  Hellion  
  93  7:34  Hellion  
  93  7:36  SCV  
  97  7:37  SCV x2  
  97  7:38  Supply Depot x2  
  97  7:39  Hellion  
  97  7:40  Banshee  
  103  7:47  Siege Tank  
  103  7:49  SCV  
  103  7:50  Factory Tech Lab  
  107  7:51  Factory Tech Lab  
  107  7:52  Hellion  
  107  7:56  Hellion  
  111  8:00  Hellion  
  113  8:06  Supply Depot  
  113  8:07  Supply Depot  
  113  8:09  Missile Turret  
  113  8:13  Siege Tank, Missile Turret  
  113  8:15  Hellion  
  113  8:17  Hellion  
  113  8:19  Siege Tank  
  123  8:20  Infernal Pre-Igniter  
  123  8:21  Siege Tank, Hellion  
  128  8:30  Starport  
  128  8:34  SCV  
  128  8:36  Cyclone  
  128  8:37  Starport  
  128  8:40  Hellion  
  134  8:45  Siege Tank  
  134  8:48  Hellion  
  139  8:50  SCV x2  
  139  8:51  Thor  
  144  9:06  Command Center  
  144  9:07  Viking x2  
  144  9:09  SCV  
  149  9:12  Terran Vehicle Weapons Level 2  
  148  9:18  Supply Depot  
  148  9:19  Supply Depot  
  148  9:22  Terran Vehicle And Ship Armor Level 2  
  148  9:27  SCV, Missile Turret  
  149  9:39  Viking, Supply Depot x2  
  149  9:40  Hellion, Thor, SCV, Supply Depot  
  160  9:46  SCV  
  160  9:49  Sensor Tower  
  161  9:57  Hellion  
  159  10:01  Thor  
  159  10:05  Viking  
  163  10:07  Viking  
  159  10:15  Hellion x3  
  159  10:16  Viking  
  159  10:18  SCV  
  159  10:19  Hellion  
  170  10:23  Refinery  
  170  10:25  Planetary Fortress  
  170  10:28  Refinery  
  170  10:29  SCV x2  
  170  10:35  Hellion, Viking  
  176  10:37  Hellion, Sensor Tower, Viking  
  180  10:45  Sensor Tower, Missile Turret  
  180  10:46  SCV  
  180  10:47  SCV x2  
  183  10:54  Viking  
  183  10:55  Command Center, Corvid Reactor  
  185  10:59  SCV  
  185  11:01  Siege Tank  
  185  11:02  Hellion  
  191  11:05  Hellion  
  183  11:19  Siege Tank  
  183  11:22  Siege Tank, Hellion  
  149  11:27  Hellion  
  149  11:31  Hellion  
  151  11:33  Siege Tank  
  151  11:39  SCV x2  
  156  11:43  Starport Tech Lab x2  
  156  11:44  Hellion  
  156  11:45  Missile Turret, Raven  
  156  11:46  Missile Turret  
  160  11:48  SCV  
  160  11:49  Hellion  
  160  11:50  Refinery  
  160  11:51  Hellion  
  160  11:52  Refinery  
  160  11:54  Thor  
  165  11:57  SCV x3  
  165  12:00  Hellion, SCV  
  177  12:03  Terran Vehicle Weapons Level 3  
  177  12:05  Hellion  
  179  12:11  Supply Depot  
  179  12:12  Supply Depot  
  179  12:14  Terran Vehicle And Ship Armor Level 3  
  179  12:16  SCV  
  179  12:19  Viking  
  182  12:28  Missile Turret  
  182  12:29  Hellion  
  184  12:30  Missile Turret  
  184  12:31  Recalibrated Explosives  
  184  12:34  Building Armor  
  184  12:36  Hellion x3  
  184  12:40  Hellion x3  
  190  12:48  Planetary Fortress  
  188  12:53  Siege Tank  
  188  12:54  Thor, Missile Turret  
  188  12:55  Missile Turret  
  193  13:07  Raven  
  195  13:13  Command Center  
  195  13:22  Siege Tank  
  182  13:36  Raven x2  
  182  13:37  Siege Tank x2  
  192  13:43  Siege Tank  
  192  13:44  Hellion  
  180  14:02  Siege Tank  
  154  14:08  Hellion x2  
  154  14:09  Siege Tank x2  
  153  14:15  Siege Tank  
  156  14:21  SCV x3  
  159  14:30  Hellion x2  
  163  14:33  Raven x3  
  163  14:34  Siege Tank  
  163  14:37  Missile Turret  
  163  14:38  Hi-Sec Auto Tracking, Missile Turret  
  166  14:39  Missile Turret  
  166  14:41  Hellion x2  
  166  14:46  Missile Turret  
  166  14:47  Terran Ship Weapons Level 1  
  166  14:48  Hellion  
  166  14:49  Missile Turret  
  166  14:50  Missile Turret  
  166  14:51  Hellion x2  
  172  14:55  Command Center  
  172  15:01  Missile Turret, Supply Depot  
  172  15:02  Cyclone x2  
  178  15:08  Missile Turret  
  178  15:16  Thor  
  182  15:21  Refinery  
  182  15:24  Refinery  
  182  15:25  Raven x2  
  182  15:27  Missile Turret  
  186  15:35  Missile Turret  
  186  15:39  Cyclone  
  189  15:47  Cyclone x3  
  198  16:01  Raven  
  200  16:11  Raven  
  194  16:15  Planetary Fortress  
  194  16:17  Sensor Tower  
  190  16:24  Missile Turret  
  190  16:29  Raven  
  192  16:42  Missile Turret  
  192  16:46  Siege Tank  
  192  16:47  Hellion  
  173  17:04  Thor x3  
  173  17:05  Hellion  
  173  17:08  Hellion  
  187  17:18  Thor  
  193  17:26  Hellion  
  193  17:29  Hellion  
  197  17:34  Command Center  
  197  17:45  Terran Ship Weapons Level 2  
  197  17:46  Command Center  
  197  17:47  Hellion, Command Center  
  199  18:12  Missile Turret  
  199  18:26  Missile Turret  
  199  18:36  Fusion Core  
  199  18:48  Sensor Tower  
  197  18:58  Raven  
  197  19:02  Orbital Command x2  
  199  19:08  Orbital Command  
  199  19:09  Planetary Fortress  
  197  19:19  Missile Turret  
  197  19:22  Missile Turret  
  194  19:27  Raven x2  
  198  19:35  Missile Turret  
  195  19:41  Raven  
  195  19:42  Refinery  
  195  19:43  Refinery  
  195  19:52  Starport  
  194  20:10  Raven x2  
  184  20:30  Thor x2  
  184  20:31  Thor  
  199  20:49  Terran Ship Weapons Level 3  
  199  20:51  Missile Turret  
  198  21:24  Raven x2  
  200  21:32  Siege Tank  
  200  21:34  Weapon Refit  
  200  21:36  Starport Tech Lab  
  200  21:38  Starport  
  200  21:44  Missile Turret  
  200  21:45  Missile Turret  
  195  22:08  Siege Tank  
  188  22:52  Siege Tank x3  
  195  23:26  Siege Tank  
  198  23:29  Starport Tech Lab  
  170  23:48  Thor x3  
  182  24:02  Thor  
  160  24:04  Hellion  
  155  24:10  Hellion  
  153  24:26  Hellion  
  155  24:31  Thor x2  
  155  24:32  Hellion x2  
  155  24:33  Battlecruiser  
  155  24:34  Battlecruiser x4  
  186  24:46  Hellion  
  186  24:47  Hellion  
  190  24:53  Hellion x2  
  194  25:07  Hellion  
  187  25:38  Battlecruiser x2  
  199  26:39  Battlecruiser  
  199  27:07  Missile Turret  
  199  27:20  Hellion x9  
  191  27:30  Battlecruiser  
  196  27:47  Raven x2  
  200  27:53  Command Center  
  200  27:55  Command Center  
Show
View Real Time Build Order
Export as new Build Order

SolO Zerg 

Build Orders: Hatch First 

Get SALT Encoding   

  12  0:01  Drone  
  13  0:13  Overlord  
  13  0:17  Drone  
  14  0:31  Drone x2  
  16  0:36  Drone  
  17  0:53  Hatchery  
  17  0:56  Drone  
  17  0:58  Drone  
  18  1:10  Extractor  
  17  1:14  Spawning Pool  
  17  1:16  Drone  
  17  1:20  Drone  
  18  1:29  Drone  
  19  1:40  Overlord  
  19  2:00  Queen  
  19  2:01  Zergling x4  
  23  2:04  Queen  
  25  2:09  Metabolic Boost  
  25  2:11  Drone  
  25  2:15  Drone  
  27  2:16  Drone  
  28  2:28  Drone x2  
  30  2:38  Overlord  
  30  2:40  Queen  
  32  2:54  Drone x3  
  32  2:56  Overlord  
  35  3:06  Drone x2  
  35  3:10  Drone x4  
  41  3:16  Queen, Overlord  
  43  3:26  Hatchery  
  42  3:32  Drone  
  42  3:33  Drone x2  
  45  3:39  Drone x2  
  45  3:40  Drone  
  48  3:45  Queen  
  50  3:50  Overlord  
  50  3:52  Queen  
  52  3:56  Drone x2  
  53  4:06  Evolution Chamber  
  53  4:07  Evolution Chamber, Drone x3  
  53  4:10  Roach Warren  
  53  4:15  Drone x3  
  55  4:21  Queen  
  57  4:28  Queen  
  59  4:33  Extractor, Drone  
  59  4:34  Zerg Missile Weapons Level 1  
  59  4:36  Spore Crawler  
  59  4:37  Zerg Ground Armor Level 1  
  58  4:41  Queen  
  58  4:44  Drone  
  58  4:45  Extractor, Drone  
  61  4:51  Drone  
  54  5:00  Drone x3  
  54  5:01  Drone x3  
  58  5:11  Drone  
  58  5:12  Drone x2  
  61  5:15  Drone  
  61  5:16  Drone x2  
  64  5:23  Drone  
  64  5:24  Drone x2  
  64  5:26  Drone x2  
  69  5:30  Spore Crawler  
  69  5:31  Spore Crawler  
  69  5:32  Drone  
  68  5:42  Drone  
  62  5:50  Drone x5  
  62  5:51  Drone x5  
  62  5:56  Lair  
  72  6:04  Drone  
  72  6:06  Extractor  
  72  6:13  Drone x2  
  72  6:14  Overlord x2  
  72  6:20  Drone x3  
  74  6:28  Overlord  
  74  6:29  Overlord  
  74  6:36  Drone  
  74  6:37  Drone x3  
  74  6:38  Drone x4  
  82  6:40  Extractor  
  82  6:41  Overlord  
  82  6:42  Overlord  
  81  6:50  Drone x5  
  81  6:53  Extractor  
  85  6:55  Zerg Missile Weapons Level 2  
  85  6:57  Zerg Ground Armor Level 2  
  85  7:00  Glial Reconstitution  
  85  7:01  Overseer, Hatchery  
  84  7:06  Drone, Hydralisk Den  
  84  7:13  Drone  
  78  7:23  Drone  
  78  7:24  Drone x5  
  80  7:32  Drone x4  
  80  7:34  Drone  
  80  7:36  Infestation Pit  
  84  7:42  Muscular Augments  
  84  7:43  Drone  
  85  7:45  Hydralisk x6  
  85  7:51  Roach x2  
  101  7:57  Hydralisk x3  
  107  8:07  Roach x5  
  107  8:11  Overlord x2  
  117  8:16  Drone  
  114  8:21  Hive  
  114  8:27  Hydralisk x2  
  114  8:28  Hydralisk x3  
  124  8:38  Drone x4  
  124  8:39  Drone x5  
  133  8:52  Overlord x3  
  132  8:59  Drone x4  
  132  9:00  Overlord x2  
  132  9:01  Spore Crawler  
  134  9:11  Roach  
  134  9:12  Roach x7  
  150  9:17  Hydralisk x3  
  150  9:23  Overlord x2  
  156  9:34  Viper  
  156  9:35  Extractor x2, Viper x2  
  163  9:42  Zerg Missile Weapons Level 3  
  163  9:49  Hatchery  
  159  9:57  Viper  
  160  10:04  Drone  
  160  10:05  Drone x7  
  160  10:10  Roach x10  
  160  10:11  Roach  
  177  10:15  Overseer  
  177  10:20  Drone x5  
  182  10:28  Overlord  
  182  10:34  Spine Crawler  
  181  10:36  Zerg Ground Armor Level 3, Spine Crawler  
  181  10:37  Hydralisk, Spine Crawler  
  181  10:41  Hydralisk  
  183  10:51  Overseer  
  183  10:52  Hydralisk  
  183  10:53  Hydralisk x2  
  189  11:01  Roach x4  
  197  11:06  Overlord  
  197  11:11  Pneumatized Carapace  
  181  11:22  Roach  
  181  11:23  Roach x8  
  178  11:30  Hydralisk x2  
  169  11:34  Drone  
  169  11:35  Drone x3  
  169  11:39  Drone  
  175  11:40  Drone  
  175  11:42  Viper  
  175  11:43  Viper  
  175  11:44  Viper  
  184  11:49  Hydralisk  
  184  11:52  Overseer x2  
  186  11:55  Spore Crawler  
  186  11:56  Hydralisk  
  186  11:57  Hydralisk  
  189  12:07  Hydralisk x4  
  197  12:13  Ravager  
  197  12:15  Overlord  
  198  12:23  Spire  
  198  12:25  Drone  
  198  12:27  Ultralisk Cavern  
  197  12:31  Zerg Melee Weapons Level 1  
  197  12:38  Spore Crawler, Drone x4  
  197  12:41  Overseer x2, Hatchery  
  199  12:45  Adrenal Glands  
  199  12:57  Pathogen Glands  
  199  13:09  Burrow  
  199  13:13  Drone  
  199  13:35  Chitinous Plating  
  199  13:36  Greater Spire  
  170  14:01  Hydralisk, Roach x3  
  170  14:02  Hydralisk x9, Roach x12  
  173  14:05  Roach  
  173  14:06  Roach x5  
  173  14:09  Hydralisk x4  
  158  14:11  Roach  
  158  14:13  Overseer  
  158  14:16  Drone x4  
  164  14:23  Overlord x2  
  164  14:24  Overseer x2  
  164  14:43  Spine Crawler  
  164  14:44  Drone  
  164  14:45  Drone x5  
  169  14:46  Spine Crawler  
  169  14:48  Extractor  
  169  14:49  Extractor  
  169  14:51  Viper x3  
  175  14:53  Overlord x2  
  175  15:01  Overlord  
  175  15:16  Viper  
  175  15:17  Hydralisk x5  
  175  15:18  Hydralisk  
  190  15:22  Overlord  
  190  15:25  Zerg Melee Weapons Level 2  
  190  15:38  Corruptor  
  190  15:39  Corruptor x3  
  190  15:41  Extractor  
  190  15:42  Extractor  
  196  15:48  Tunneling Claws  
  196  15:51  Spore Crawler  
  196  15:52  Spine Crawler  
  196  15:54  Spine Crawler  
  186  16:06  Drone x4  
  189  16:12  Corruptor x3  
  189  16:16  Drone x3  
  189  16:17  Drone  
  199  16:36  Zerg Flyer Weapons Level 1  
  127  17:02  Hydralisk x12  
  127  17:03  Ultralisk  
  127  17:04  Ultralisk x2  
  131  17:13  Roach x2  
  144  17:20  Viper x2  
  144  17:21  Viper  
  144  17:23  Roach  
  144  17:24  Roach x3  
  152  17:32  Roach  
  152  17:33  Roach x2  
  152  17:35  Overseer x2  
  158  17:44  Hatchery, Roach x4  
  165  17:53  Hydralisk x2  
  165  17:54  Hydralisk  
  171  18:01  Hydralisk x3  
  177  18:14  Overlord x3  
  177  18:30  Overlord  
  177  18:32  Hatchery  
  177  18:36  Corruptor x5  
  186  19:19  Spore Crawler  
  186  19:20  Hatchery  
  186  19:23  Spine Crawler  
  182  19:24  Zerg Flyer Weapons Level 2  
  182  19:26  Zerg Melee Weapons Level 3  
  182  19:29  Spine Crawler  
  182  19:52  Drone  
  182  19:53  Drone x3  
  182  19:57  Infestor  
  182  19:58  Infestor x6  
  199  20:13  Spine Crawler  
  198  20:23  Infestor x7  
  198  20:30  Infestor  
  200  20:38  Hatchery  
  200  20:41  Extractor  
  198  21:05  Overseer  
  198  21:40  Zerg Flyer Armor Level 1  
  198  21:41  Roach  
  198  22:11  Ultralisk  
  190  22:26  Ultralisk  
  196  22:39  Drone x4, Spine Crawler  
  196  22:40  Spine Crawler  
  196  22:41  Spine Crawler  
  196  22:42  Spine Crawler  
  162  23:00  Corruptor  
  162  23:01  Corruptor x5  
  162  23:03  Ultralisk x6  
  192  23:18  Ultralisk, Hydralisk x2  
  192  23:19  Hydralisk  
  138  23:45  Ultralisk  
  138  23:46  Ultralisk, Zergling x2  
  138  23:47  Zergling x22  
  110  24:03  Zergling x2  
  110  24:04  Zergling x36  
  110  24:05  Zergling x6  
  114  24:12  Hydralisk x2  
  114  24:13  Hydralisk x2  
  110  24:18  Zergling x24  
  110  24:19  Zergling x14  
  126  24:24  Hydralisk  
  126  24:25  Zergling x2  
  126  24:26  Zergling x12  
  134  24:32  Spore Crawler  
  134  24:35  Spore Crawler, Drone x3  
  135  24:41  Queen x4  
  135  24:45  Extractor  
  142  24:55  Hydralisk x2  
  124  25:27  Hydralisk  
  124  25:28  Hydralisk  
  108  25:34  Queen, Overlord  
  105  25:38  Drone x3  
  109  25:42  Drone  
  109  25:43  Drone x2  
  109  25:44  Hydralisk x2  
  115  25:56  Hydralisk x2  
  113  26:31  Hatchery  
  112  26:37  Queen x2, Viper  
  115  26:43  Drone x2  
  115  26:45  Overlord  
  117  26:57  Hatchery, Hydralisk x5  
  122  27:04  Drone x7  
  130  27:26  Viper, Overlord  
  133  27:40  Hydralisk  
  133  27:41  Hydralisk x2  
  139  27:46  Spore Crawler x3  
  139  27:47  Spore Crawler  
  139  27:48  Drone  
  139  27:49  Spore Crawler  
  139  27:50  Spore Crawler  
  134  27:58  Extractor x2  
  134  28:04  Drone x4  
  136  28:12  Spore Crawler  
  105  28:26  Hydralisk  
  99  28:27  Hydralisk x3  
Tags
 
Add a new tag
Caveats
  • Supply blocks, unpowered buildings, or Contaminate may cause inaccurate times.
  • Supply counts are checked every 10 seconds.